Map: Reclamation LE

Players

Sanctified - Winner!

  • Race: Terran Terran
  • Spawn Location: 11:00

A.I. 1 (Very Hard) - Winner!

  • Race: Protoss Protoss
  • Spawn Location: 12:00

A.I. 2 (Harder)

  • Race: Zerg Zerg
  • Spawn Location: 6:00

A.I. 3 (Harder)

  • Race: Terran Terran
  • Spawn Location: 5:00

VOD

Have the link to the VOD?

Description

Time

  • Played on: Aug. 23, 2025, 6:53 p.m.
  • Length: 13:30
Show
View Real Time Build Order
Export as new Build Order

Sanctified Terran - Winner!

Build Orders: 2 Factory, Mech 

Get SALT Encoding   

  12  0:00  SCV  
  13  0:12  SCV  
  14  0:17  Supply Depot  
  14  0:24  SCV  
  15  0:38  SCV  
  15  0:41  Barracks  
  16  0:45  Refinery  
  16  0:50  SCV  
  17  1:03  SCV  
  18  1:15  SCV  
  19  1:27  Orbital Command  
  19  1:37  Command Center  
  19  1:40  Barracks Reactor  
  19  1:50  Supply Depot  
  19  1:55  SCV  
  20  2:07  SCV, Factory  
  21  2:11  Refinery  
  21  2:16  Marine x2  
  21  2:19  SCV  
  24  2:25  Bunker  
  24  2:31  SCV  
  24  2:34  Marine x2  
  27  2:43  SCV  
  28  2:51  Armory  
  28  2:56  Factory  
  28  3:03  Orbital Command  
  28  3:08  Widow Mine  
  28  3:11  Widow Mine  
  32  3:15  Barracks Tech Lab  
  32  3:17  SCV  
  33  3:29  SCV x2  
  33  3:30  Supply Depot  
  35  3:43  Widow Mine x2  
  35  3:44  SCV  
  35  3:46  Drilling Claws  
  40  3:51  Siege Tank  
  40  3:53  SCV  
  44  3:57  SCV  
  44  4:01  Refinery  
  45  4:05  SCV  
  45  4:06  Supply Depot  
  45  4:08  Supply Depot  
  46  4:10  SCV  
  47  4:23  Widow Mine x2  
  51  4:27  Refinery  
  51  4:30  SCV  
  52  4:32  Supply Depot x2  
  52  4:45  Engineering Bay  
  52  4:49  Barracks Reactor, Factory  
  52  4:58  Widow Mine, Siege Tank  
  59  5:00  Widow Mine  
  59  5:03  SCV  
  59  5:04  SCV  
  61  5:12  Missile Turret  
  61  5:17  Missile Turret  
  61  5:18  Supply Depot  
  61  5:22  SCV  
  61  5:23  SCV, Supply Depot  
  61  5:26  Widow Mine  
  65  5:31  Widow Mine  
  65  5:33  Missile Turret  
  67  5:42  Missile Turret, Supply Depot  
  67  5:46  Supply Depot  
  67  5:48  Terran Vehicle And Ship Armor Level 1  
  67  5:57  Widow Mine x2  
  67  5:58  Widow Mine x2  
  67  6:13  Widow Mine  
  69  6:19  Widow Mine  
  69  6:22  Supply Depot x2  
  71  6:29  Supply Depot  
  71  6:30  Widow Mine x2, Supply Depot x2  
  78  6:47  Siege Tank  
  78  6:53  Widow Mine  
  78  6:54  Widow Mine  
  82  6:57  SCV  
  82  6:58  SCV  
  84  7:09  SCV  
  84  7:10  SCV  
  86  7:19  Siege Tank  
  86  7:21  SCV  
  86  7:22  SCV  
  91  7:24  Missile Turret  
  91  7:25  Missile Turret, Supply Depot x2  
  91  7:39  Command Center  
  91  7:41  Widow Mine x2  
  91  7:42  Widow Mine x2  
  91  7:43  Smart Servos  
  97  7:47  Terran Vehicle And Ship Armor Level 2  
  97  7:51  Siege Tank  
  100  8:13  Widow Mine  
  100  8:14  Widow Mine x3  
  108  8:23  Siege Tank, Supply Depot  
  108  8:25  Neosteel Armor, Supply Depot  
  111  8:35  Widow Mine x4  
  115  8:55  Widow Mine  
  115  8:56  Widow Mine  
  117  9:25  SCV x2  
  117  9:28  Missile Turret  
  117  9:29  Refinery  
  117  9:31  Refinery, Missile Turret  
  117  9:37  Missile Turret, SCV x2, Planetary Fortress  
  119  9:40  Widow Mine x4  
  119  9:41  Widow Mine  
  129  9:49  SCV x2  
  131  10:01  Widow Mine x2, SCV x2, Supply Depot  
  131  10:02  Widow Mine x3  
  131  10:04  Missile Turret  
  131  10:05  Hi-Sec Auto Tracking  
  143  10:13  SCV x2  
  145  10:15  SCV  
  146  10:23  Widow Mine x5  
  146  10:25  SCV x2  
  146  10:27  SCV  
  159  10:44  Widow Mine x3  
  159  10:45  Widow Mine, Factory  
  159  10:46  Factory  
  159  10:47  Factory  
  167  10:52  Factory  
  167  10:58  Infernal Pre-Igniter  
  167  11:00  Widow Mine  
  169  11:05  Widow Mine  
  169  11:06  Widow Mine x3  
  177  11:22  Widow Mine  
  179  11:35  Widow Mine x4  
  185  11:41  Factory Reactor x3, Factory Tech Lab  
  185  11:43  Widow Mine  
  185  11:47  Factory Tech Lab  
  177  11:56  Widow Mine x3  
  177  11:57  Widow Mine  
  185  12:05  Widow Mine  
  185  12:18  Widow Mine x3  
Show
View Real Time Build Order
Export as new Build Order

A.I. 1 (Very Hard) Protoss - Winner!

Build Orders: 1 Gate Expand, Zealot Archon 

Get SALT Encoding   

  12  0:00  Probe  
  13  0:13  Probe  
  14  0:19  Pylon  
  14  0:25  Probe  
  15  0:33  Probe  
  15  0:40  Gateway  
  15  0:41  Probe  
  17  0:51  Probe  
  18  1:00  Probe  
  19  1:08  Probe  
  19  1:11  Assimilator  
  19  1:15  Pylon  
  20  1:29  Nexus  
  20  1:42  Cybernetics Core  
  20  1:43  Probe  
  21  1:50  Zealot  
  23  2:01  Probe, Gateway  
  24  2:10  Probe  
  24  2:12  Pylon  
  25  2:20  Zealot  
  27  2:22  Probe  
  27  2:27  Warp Gate  
  28  2:35  Assimilator, Probe  
  29  2:37  Probe  
  30  2:45  Adept  
  32  2:53  Adept  
  32  2:55  Probe  
  35  3:02  Pylon  
  35  3:04  Probe  
  36  3:07  Adept  
  36  3:14  Probe  
  39  3:22  Sentry  
  39  3:23  Gateway  
  39  3:25  Probe  
  42  3:27  Probe  
  43  3:37  Probe x2, Adept  
  47  3:45  Probe  
  47  3:46  Adept  
  49  3:49  Probe  
  49  3:54  Probe  
  51  4:01  Probe  
  53  4:05  Probe  
  53  4:07  Adept  
  56  4:10  Pylon  
  56  4:13  Probe x2  
  58  4:17  Adept, Pylon  
  58  4:23  Stalker  
  62  4:28  Probe  
  62  4:29  Probe  
  64  4:37  Stalker  
  66  4:38  Probe  
  66  4:40  Twilight Council  
  66  4:41  Probe  
  66  4:45  Stalker  
  70  4:46  Probe  
  70  4:47  Pylon  
  70  4:48  Stalker  
  73  4:54  Probe x2  
  75  5:00  Stalker  
  75  5:06  Probe  
  78  5:09  Probe, Pylon  
  78  5:19  Assimilator, Templar Archives  
  78  5:22  Assimilator  
  78  5:27  Zealot  
  80  5:32  Pylon  
  80  5:33  Zealot  
  82  5:36  Zealot  
  82  5:41  Probe  
  82  5:42  Probe  
  86  5:43  Zealot  
  88  5:53  Zealot, Pylon, Probe  
  88  5:54  Probe  
  88  5:56  Zealot  
  94  5:59  Stalker  
  96  6:05  Probe  
  95  6:13  High Templar  
  95  6:14  Pylon  
  95  6:16  Stalker  
  95  6:17  Stalker  
  101  6:26  Robotics Facility  
  101  6:31  Forge  
  101  6:37  Pylon  
  101  6:38  High Templar  
  101  6:39  Stalker, Forge  
  105  6:40  Sentry  
  107  6:48  Archon  
  107  6:51  Pylon  
  107  6:55  Gateway  
  107  7:01  Nexus  
  107  7:02  High Templar  
  107  7:03  High Templar  
  107  7:06  Immortal, Protoss Ground Weapons Level 1  
  111  7:12  Photon Cannon  
  111  7:14  Archon  
  111  7:16  Pylon  
  115  7:30  High Templar  
  117  7:37  Photon Cannon  
  117  7:40  Photon Cannon  
  117  7:43  High Templar  
  119  7:47  Observer  
  120  7:55  Stalker  
  120  7:58  Warp Prism  
  122  7:59  Archon, Stalker  
  122  8:04  Pylon  
  126  8:12  Zealot  
  128  8:14  Probe x2  
  128  8:15  Probe, High Templar  
  133  8:26  Probe  
  134  8:28  Assimilator, Probe x2, High Templar  
  134  8:31  Assimilator  
  138  8:37  Immortal  
  138  8:38  Probe  
  138  8:40  Probe x2  
  134  8:50  Probe, Photon Cannon  
  134  8:51  Stalker, Probe  
  134  8:53  Probe  
  134  8:54  Pylon  
  134  8:55  Archon  
  139  8:56  High Templar  
  139  8:59  Probe  
  139  9:02  Probe  
  142  9:04  Photon Cannon  
  142  9:05  Probe  
  142  9:07  Probe, High Templar  
  146  9:14  Probe  
  146  9:16  Stalker, Warp Prism  
  152  9:17  Probe  
  152  9:18  Stalker, Photon Cannon  
  152  9:20  Pylon  
  152  9:23  Pylon  
  154  9:25  Protoss Ground Armor Level 1  
  154  9:28  Sentry  
  156  9:37  Psionic Storm  
  156  9:45  Nexus, Gateway  
  156  9:46  Stalker  
  156  9:50  Stalker, Photon Cannon  
  156  9:52  Immortal  
  164  9:54  Photon Cannon  
  164  10:04  Zealot  
  166  10:08  Pylon  
  166  10:11  High Templar  
  150  10:21  Sentry  
  148  10:27  Sentry  
  150  10:28  Photon Cannon  
  150  10:30  Stalker  
  150  10:31  Observer  
  153  10:37  Gateway  
  153  10:39  Zealot  
  153  10:41  Adept  
  157  10:44  Sentry  
  157  10:46  Observer  
  156  10:50  Sentry  
  156  10:54  Zealot  
  158  10:57  Immortal  
  158  10:59  Probe  
  158  11:00  Zealot  
  158  11:02  Zealot  
  158  11:04  Assimilator, Blink  
  161  11:08  Zealot  
  161  11:11  Pylon  
  167  11:13  Zealot  
  167  11:17  Nexus, Photon Cannon  
  169  11:24  Assimilator  
  169  11:29  Robotics Bay  
  169  11:30  Stalker  
  169  11:31  High Templar  
  167  11:33  Sentry  
  167  11:36  Zealot, Photon Cannon  
  167  11:37  Zealot x2  
  169  11:41  Photon Cannon  
  169  11:45  Photon Cannon  
  167  11:49  Robotics Facility  
  167  11:50  Zealot  
  167  11:54  Sentry, Photon Cannon  
  171  11:56  Sentry  
  171  11:57  Zealot  
  171  11:58  Zealot, High Templar  
  177  12:02  Pylon  
  177  12:03  Colossus  
  177  12:07  Zealot  
  177  12:08  Gravitic Boosters  
  181  12:27  Photon Cannon  
  178  12:31  Photon Cannon  
  178  12:36  Disruptor  
  182  12:44  Assimilator  
  182  12:46  Pylon  
  182  12:49  Forge  
  182  12:52  Photon Cannon  
  182  12:53  Disruptor  
  182  12:55  Robotics Facility  
  182  12:57  Assimilator  
  186  13:04  Adept  
  188  13:07  Photon Cannon  
  188  13:08  Nexus  
  188  13:11  Pylon  
Show
View Real Time Build Order
Export as new Build Order

A.I. 2 (Harder) Zerg 

Build Orders: 1 Base Baneling Bust, Pool First, Zergling Baneling 

Get SALT Encoding   

  12  0:01  Drone  
  13  0:12  Overlord  
  13  0:17  Drone  
  14  0:30  Drone x2  
  16  0:42  Spawning Pool  
  15  0:44  Drone  
  15  0:49  Drone  
  17  0:51  Extractor  
  17  0:55  Drone  
  17  1:06  Overlord  
  17  1:31  Zergling x2  
  17  1:32  Queen  
  20  1:34  Zergling x2  
  20  1:38  Drone  
  20  1:39  Roach Warren  
  21  1:44  Extractor  
  20  1:49  Drone  
  21  1:56  Baneling Nest  
  21  2:00  Drone  
  21  2:10  Drone  
  22  2:21  Zergling x2  
  23  2:32  Drone  
  24  2:38  Overlord  
  24  2:39  Zergling x2  
  24  2:42  Zergling x2  
  26  2:45  Baneling, Zergling x2  
  26  2:48  Baneling x3  
  27  2:54  Drone  
  28  3:01  Baneling  
  28  3:05  Zergling x2  
  29  3:08  Baneling  
  29  3:11  Zergling x2, Metabolic Boost  
  30  3:13  Zergling x2  
  30  3:16  Zergling x2  
  32  3:22  Overlord  
  32  3:27  Zergling x2  
  33  3:38  Zergling x2  
  34  3:42  Zergling x2  
  34  3:45  Zergling x2  
  34  3:48  Zergling x2  
  37  3:51  Baneling x4  
  37  3:54  Zergling x2  
  38  4:00  Zergling x2  
  39  4:03  Baneling x2  
  38  4:11  Zergling x2  
  38  4:14  Drone  
  40  4:17  Overlord  
  40  4:21  Drone  
  41  4:25  Drone  
  42  4:33  Drone  
  43  4:40  Evolution Chamber  
  43  4:44  Drone  
  43  4:45  Drone x2  
  45  5:32  Overlord, Roach  
  47  5:37  Zerg Melee Weapons Level 1  
  47  5:39  Roach  
  47  5:40  Hatchery  
  47  5:41  Drone  
  49  5:45  Roach, Lair  
  51  5:52  Roach  
  53  5:58  Roach  
  53  5:59  Overlord  
  38  6:42  Zergling x2  
  38  6:43  Burrow  
  38  6:44  Overseer  
  38  6:46  Hydralisk Den  
  38  6:49  Roach  
  40  6:54  Drone  
  40  6:55  Roach  
  40  6:58  Drone x3  
  46  7:03  Drone  
  47  7:12  Drone  
  47  7:13  Drone  
  47  7:15  Hydralisk  
  49  7:17  Drone  
  49  7:19  Drone  
  49  7:21  Drone  
  54  7:23  Hydralisk  
  54  7:24  Drone  
  54  7:25  Drone  
  54  7:28  Drone  
  59  7:31  Drone, Zerg Missile Weapons Level 1  
  60  7:37  Drone  
  60  7:42  Drone  
  62  7:47  Hydralisk  
  64  7:53  Drone  
  64  7:55  Hydralisk  
  64  7:56  Overlord  
  67  8:02  Roach  
  69  8:07  Spore Crawler  
  69  8:08  Hydralisk  
  69  8:11  Spore Crawler  
  69  8:12  Drone  
  70  8:15  Roach  
  70  8:16  Spore Crawler  
  70  8:17  Overlord  
  70  8:18  Overseer  
  70  8:19  Spore Crawler  
  70  8:20  Drone  
  70  8:26  Zergling x2  
  71  8:28  Queen  
  71  8:32  Hydralisk  
  75  8:37  Spine Crawler  
  75  8:38  Drone  
  75  8:39  Roach  
  75  8:40  Spine Crawler  
  77  8:41  Drone  
  77  8:47  Spine Crawler  
  76  8:48  Drone  
  76  8:51  Spine Crawler  
  76  8:52  Drone  
  76  8:54  Roach  
  75  9:01  Roach  
  67  9:08  Roach  
  69  9:14  Roach  
  69  9:15  Queen  
  73  9:21  Roach, Infestation Pit  
  74  9:26  Zerg Ground Armor Level 1  
  74  9:27  Roach  
  74  9:28  Spire  
  74  9:29  Drone  
  76  9:33  Roach  
  76  9:34  Evolution Chamber  
  76  9:35  Pneumatized Carapace  
  77  9:52  Roach  
  76  9:58  Extractor  
  75  10:00  Hydralisk, Extractor  
  41  10:38  Zergling x2, Overseer  
  41  10:39  Zergling x4  
  41  10:40  Hydralisk, Zergling x6  
  45  10:45  Hydralisk  
  47  10:51  Hydralisk  
  47  10:55  Drone x2  
  47  10:56  Drone  
  48  10:57  Hydralisk  
  48  11:03  Hydralisk  
  48  11:06  Hydralisk, Roach  
  48  11:07  Overlord, Roach  
  48  11:08  Roach  
  48  11:10  Roach  
  56  11:11  Drone, Roach, Overseer  
  56  11:17  Drone x2  
  50  11:21  Hydralisk  
  50  11:24  Roach  
  46  11:26  Zergling x2  
  46  11:29  Drone, Zergling x2  
  46  11:30  Roach  
  49  11:33  Hydralisk, Drone  
  49  11:37  Zergling x2  
  47  11:40  Drone  
  37  11:47  Drone  
  37  11:50  Mutalisk  
  36  11:55  Drone x2  
  36  11:57  Hydralisk x2  
  36  11:58  Drone  
  21  12:38  Hatchery  
  8  13:04  Drone  
  6  13:09  Drone x3  
Show
View Real Time Build Order
Export as new Build Order

A.I. 3 (Harder) Terran 

Build Orders:  

Get SALT Encoding   

  12  0:01  SCV  
  13  0:13  SCV  
  14  0:19  Supply Depot  
  14  0:25  SCV  
  15  0:40  SCV  
  16  0:44  Barracks  
  16  0:49  Refinery  
  16  0:52  SCV  
  17  1:04  SCV  
  18  1:16  SCV  
  19  1:22  Supply Depot  
  19  1:31  SCV, Marine  
  21  1:43  Orbital Command  
  21  1:51  Barracks Tech Lab  
  21  1:55  Supply Depot  
  21  2:05  Barracks  
  21  2:09  Marauder  
  23  2:28  SCV  
  24  2:30  Marine  
  24  2:35  Supply Depot  
  25  2:40  SCV  
  25  2:41  Refinery  
  26  2:48  Marine  
  27  2:51  Engineering Bay  
  27  2:52  SCV, Marine  
  29  3:04  SCV  
  30  3:06  Marine  
  30  3:09  Marine  
  32  3:16  SCV  
  33  3:23  Marine  
  34  3:27  Marine  
  34  3:29  SCV  
  36  3:41  Marine  
  37  4:00  Marauder  
  39  4:24  Barracks Tech Lab  
  39  4:25  Marauder, Stimpack  
  39  4:26  Terran Infantry Weapons Level 1  
  39  4:28  Factory  
  39  4:30  Supply Depot  
  41  4:32  Missile Turret  
  41  4:34  Missile Turret  
  41  4:42  Combat Shield  
  41  4:46  Marauder x2  
  45  4:55  Supply Depot  
  45  4:57  Bunker  
  42  5:07  Reaper, Marine  
  42  5:11  Factory Tech Lab  
  44  5:15  Factory  
  44  5:25  Marine  
  45  5:37  Barracks, Command Center  
  45  5:39  Reaper  
  46  5:43  Marine  
  46  5:49  Starport  
  47  5:58  Factory Tech Lab  
  47  6:00  Concussive Shells  
  47  6:01  Marauder  
  49  6:11  Marine  
  50  6:20  Terran Infantry Armor Level 1  
  50  6:25  Starport Tech Lab  
  50  6:43  Raven  
  52  6:50  SCV x2  
  52  6:51  Sensor Tower  
  54  7:00  Refinery  
  54  7:02  SCV  
  54  7:03  SCV  
  56  7:11  Missile Turret  
  56  7:13  Missile Turret  
  56  7:14  SCV  
  56  7:15  SCV, Armory  
  58  7:17  Refinery, Barracks Reactor  
  58  7:18  Raven  
  60  7:26  SCV  
  60  7:27  SCV  
  62  7:35  Bunker  
  61  7:38  SCV  
  61  7:39  SCV  
  63  7:50  SCV  
  64  7:51  SCV  
  65  8:02  SCV  
  65  8:04  SCV  
  67  8:07  Medivac  
  67  8:09  Siege Tank  
  67  8:10  Factory  
  72  8:14  SCV  
  72  8:15  Starport  
  72  8:18  Supply Depot  
  71  8:37  Medivac  
  71  8:42  Marine  
  71  8:45  Marine  
  71  8:48  Marine  
  50  8:50  Marine  
  50  8:51  Medivac  
  50  8:54  Factory Tech Lab  
  51  9:00  Marauder  
  53  9:02  Marine  
  53  9:03  Starport  
  53  9:05  Marine  
  53  9:07  Raven  
  53  9:08  Marine  
  58  9:20  Marine  
  58  9:21  Marauder  
  58  9:22  Starport Tech Lab  
  58  9:23  Marine  
  59  9:31  Marine  
  59  9:38  Command Center, Marine  
  60  9:39  Medivac  
  60  9:41  Raven x2, Marine  
  60  9:42  Marine  
  69  9:49  Marine  
  63  9:56  Marine  
  63  9:59  Marine  
  63  10:00  Marine  
  63  10:01  Hellion  
  63  10:06  Hellion  
  62  10:07  Marine  
  62  10:11  Starport Reactor, Hellion  
  58  10:14  Marauder  
  58  10:15  Viking  
  61  10:22  Viking  
  61  10:23  Hellion  
  61  10:28  Marauder  
  65  10:36  Marauder  
  65  10:39  Marine  
  65  10:42  Marine  
  65  10:48  Marine  
  59  10:57  Marine x2  
  37  11:06  Marine  
  26  11:11  Marine  
  26  11:14  SCV x2, Marine  
  26  11:15  Viking  
  15  11:26  SCV x2  
  11  11:48  SCV  
Tags
 
Add a new tag
Caveats
  • Supply blocks, unpowered buildings, or Contaminate may cause inaccurate times.
  • Supply counts are checked every 10 seconds.